 Dungeon Crawl Stone Soup version 0.25-a0-1113-g0499d652a8 (webtiles) character file.

Game seed: 5521337267261344971, levelgen mode: deterministic

1284 vurker the Thaumaturge (level 8, 35/61 HPs)
             Began as a Mummy Necromancer on May 16, 2020.
             Was an Initiate of Gozag.
             Quit the game on level 5 of the Dungeon.
             The game lasted 00:11:08 (7485 turns).

vurker the Thaumaturge (Mummy Necromancer)          Turns: 7485, Time: 00:11:08

Health: 35/61      AC:  3    Str: 12    XL:     8   Next: 29%
Magic:  6/20       EV: 12    Int: 16    God:    Gozag
Gold:   303        SH:  5    Dex: 12    Spells: 19/23 levels left

rFire    x . .     SeeInvis .   n - +1 short sword (speed)
rCold    + . .     Gourm    .   (no shield)
rNeg     + + +     Faith    .   a - +0 robe
rPois    ∞         Spirit   .   e - +0 helmet
rElec    .         Reflect  +   (no cloak)
rCorr    .         Harm     .   (no gloves)
MR       +....                  (no boots)
Stlth    ++........             d - amulet of reflection
HPRegen  0.20/turn              (no ring)
MPRegen  0.17/turn              (no ring)

@: no status effects
A: no food or potions, fire vulnerability, cold resistance 1, negative energy
resistance 3, torment resistance, unbreathing
a: Potion Petition, Call Merchant, Bribe Branch, Renounce Religion


You were on level 5 of the Dungeon.
You worshipped Gozag.
Gozag was aware of your devotion.
You were not hungry.

You visited 2 branches of the dungeon, and saw 7 of its levels.

You collected 345 gold pieces.
You paid 42 gold pieces to Gozag.

Inventory:

Hand Weapons
 n - a +1 short sword of speed (weapon)
   (You took it off a kobold on level 3 of the Dungeon)
Armour
 a - a +0 robe (worn)
 e - a +0 helmet (worn)
   (You found it on level 1 of the Dungeon)
Jewellery
 d - an amulet of reflection (around neck)
   (You took it off an orc on level 3 of the Dungeon)
Scrolls
 c - a scroll of enchant weapon {unknown}
 f - a scroll of blinking
 g - 2 scrolls of immolation {unknown}
 h - 2 scrolls of random uselessness {unknown}
 i - a scroll of fog {unknown}
 j - 3 scrolls of teleportation
 k - a scroll of enchant armour {unknown}
 l - a scroll of magic mapping {unknown}
 m - a scroll of noise {unknown}
 o - 2 scrolls of amnesia
 p - a scroll of fear {unknown}


   Skills:
 + Level 4.3 Fighting
 - Level 1.5 Dodging
 - Level 1.5 Stealth
 * Level 8.0 Spellcasting
 * Level 7.5 Necromancy


You had 19 spell levels left.
You knew the following spells:

 Your Spells              Type           Power        Failure   Level  Hunger
a - Pain                  Necr           ####         1%          1    N/A
c - Vampiric Draining     Necr           ####......   1%          3    N/A

Your spell library contained the following spells:

 Spells                   Type           Power        Failure   Level  Hunger
 Animate Skeleton         Necr           N/A          1%          1    N/A
 Animate Dead             Necr           N/A          4%          4    N/A
 Agony                    Necr           ####....     14%         5    N/A

Dungeon Overview and Level Annotations

Branches:
Dungeon (6/15)             Temple (1/1) D:4

Altars:
Ashenzari
Cheibriados
Dithmenos
Fedhas
Gozag
Kikubaaqudgha
Makhleb
Nemelex Xobeh
Okawaru
Qazlal
Trog
Vehumet
Wu Jian
Xom
Zin
The Shining One


Innate Abilities, Weirdness & Mutations

You do not eat or drink.
Your flesh is vulnerable to fire.
You are immune to poison.
Your flesh is cold resistant. (rC+)
You are immune to negative energy. (rN+++)
You are immune to unholy pain and torment.
You can survive without breathing.


Message History

The orc wizard flickers and vanishes!
Deactivating autopickup; reactivate with Ctrl-A.
The scorpion is no longer distracted by gold.
The adder barely misses you.
The orc throws a boomerang.
You reflect the boomerang off an invisible shield around you!
The boomerang misses the orc.
The weapon returns to the orc!
The adder bites you.
Aim: an adder (chance to defeat MR: 89%)
The adder writhes in agony.
The adder barely misses you.
Aim: an adder (moderately wounded, chance to defeat MR: 89%)
The adder writhes in agony.
The adder bites you but does no damage. The adder barely misses you.
The adder barely misses you. The adder bites you. The adder barely misses you.
The adder bites you.
Aim: an adder (moderately wounded, chance to defeat MR: 89%)
The adder writhes in agony.
The adder completely misses you.
Aim: an adder (almost dead, chance to defeat MR: 89%)
The adder writhes in agony.
You kill the adder!
Aim: an orc warrior, wielding a +0 battleaxe and wearing a +0 plate armour (chance to defeat MR: 84%)
The orc warrior writhes in agony.
The scorpion becomes distracted by the nearby gold, dreaming of imaginary riches.
You aren't carrying any items that you can evoke.
Unknown command.
An orc wizard appears from thin air!
Reactivating autopickup.
The orc throws a boomerang.
You reflect the boomerang off an invisible shield around you!
The boomerang hits the orc.
The scorpion is no longer distracted by gold.
You see here a cursed +0 giant club.
The orc warrior hits you with a +0 battleaxe!!
The orc wizard casts a spell.
The orc wizard flickers and vanishes!
Deactivating autopickup; reactivate with Ctrl-A.
There is a stone staircase leading up here.
You climb upwards.
Reactivating autopickup.
There is a stone staircase leading down here.
Okay, then.
You don't know that spell.
You don't know that spell.
Unknown command.
Unknown command.
Quiver which item? (- for none, * to show all) (? for menu, Esc to quit)
Okay, then.
You can't drink.

.....###.........#)..## #....#.#
.....#....##....####..# #.......
.......###.#...## #..## #..#....
.........#...### ##.# #..#....
...............####..#####.##...#
...#.###................##......#
_%.....:.....#.........)......##.
.............###<................
.!...........###@.......#####....
..............##.........#####...
............###...#...#...##..<..
...##.........##..##..##.###.....
...##........###.###..#..#.......
(.####.......###.####....#.......
...##..............###.#.........
.#.###.............######........
##..#...............####.........


There were no monsters in sight!

Vanquished Creatures
  Sigmund (D:3)
  An orc warrior (D:5)
  An ice beast (D:6)
  2 ogres
  A centaur (D:5)
  A scorpion (D:4)
  A crimson imp (D:6)
  A hound (D:4)
  An orc priest (D:6)
  Terence (D:3)
  4 iguanas
  2 orc wizards
  4 worker ants (D:5)
  7 gnolls
  7 adders
  2 oozes (D:3)
  An adder skeleton (D:4)
  4 worms
  A dart slug (D:3)
  2 leopard geckos
  19 orcs
  2 ball pythons
  11 bats
  3 giant cockroaches
  10 hobgoblins
  9 jackals
  A quokka (D:6)
  3 frilled lizards (D:1)
  9 goblins
  15 kobolds
  A quokka zombie (D:5)
  2 rats (D:3)
130 creatures vanquished.

Notes
Turn   | Place    | Note
-------+----------+-------------------------------------------
     0 | D:1      | vurker the Mummy Necromancer began the quest for the Orb.
     0 | D:1      | Reached XP level 1. HP: 13/13 MP: 4/4
   167 | D:1      | Reached skill level 3 in Spellcasting
   340 | D:1      | Reached XP level 2. HP: 19/20 MP: 1/6
   835 | D:1      | Reached skill level 1 in Fighting
   869 | D:1      | Reached XP level 3. HP: 26/26 MP: 0/7
  1697 | D:2      | Found a shimmering altar of Xom.
  2214 | D:2      | Reached skill level 4 in Spellcasting
  2214 | D:2      | Reached XP level 4. HP: 3/32 MP: 5/10
  2506 | D:1      | Learned a level 4 spell: Animate Dead
  2510 | D:1      | Learned a level 3 spell: Vampiric Draining
  3363 | D:2      | Found a shimmering altar of Xom.
  3697 | D:3      | Reached skill level 5 in Necromancy
  3812 | D:3      | Reached XP level 5. HP: 34/38 MP: 3/11
  4313 | D:3      | Reached skill level 5 in Spellcasting
  4418 | D:3      | Noticed Sigmund
  4430 | D:3      | Killed Sigmund
  4430 | D:3      | Reached XP level 6. HP: 42/46 MP: 5/14
  4652 | D:3      | Found a burning altar of Makhleb.
  5010 | D:3      | Noticed Terence
  5015 | D:3      | Killed Terence
  5247 | D:4      | Reached skill level 6 in Spellcasting
  5592 | D:4      | Reached XP level 7. HP: 38/52 MP: 5/16
  5719 | D:4      | Found a staircase to the Ecumenical Temple.
  5731 | Temple   | Entered the Ecumenical Temple
  5887 | Temple   | Became a worshipper of Gozag Ym Sagoz the Greedy
  5971 | D:5      | Entered Level 5 of the Dungeon
  6034 | D:5      | Found an ancient bone altar of Kikubaaqudgha.
  6048 | D:5      | Found a glowing golden altar of the Shining One.
  6290 | D:5      | Reached skill level 7 in Spellcasting
  6568 | D:5      | Reached XP level 8. HP: 60/60 MP: 14/19
  6666 | D:5      | Found a radiant altar of Vehumet.
  7438 | D:6      | Reached skill level 8 in Spellcasting
  7485 | D:5      | Quit the game

Illustrated notes

Levels and vault maps discovered:
D:1:      heliophobic_arrival_ceremonial_halls, layout_basic,
          minmay_tetromino_l2
D:2:      layout_loops_corners, xom_teletrap_fun
D:3:      layout_loops_cross, marbit_many_paths, first_ration, uniq_terence,
          uniq_sigmund
D:4:      layout_rooms, minmay_temple_entry_enclosed_plants
D:5:      layout_cave_pools, kiku_gazebo_pond_becter, basic_altar,
          tso_metal_star
D:6:      layout_cave_pods, lemuel_blue_sif_altar
Temple:   dshaligram_water_room_temple

Skill      XL: |  1  2  3  4  5  6  7  8 |
---------------+-------------------------+-----
Spellcasting   | 3 4 5 6 7 8 |  8.0
Fighting       | 1 2 3 4 |  4.3
Necromancy     | 5 6 7 |  7.5
Dodging        | |  1.5
Stealth        | |  1.5

Action                   |  1- 3 |  4- 6 |  7- 9 || total
-------------------------+-------+-------+-------++-------
Melee: Unarmed           |     5 |       |       ||     5
       Dagger            |     8 |     6 |       ||    14
       Short sword       |       |    10 |    66 ||    76
 Cast: Pain              |    95 |   156 |    77 ||   328
       Vampiric Draining |       |     5 |     7 ||    12
       Animate Dead      |       |       |     2 ||     2
  Use: Scroll            |       |       |     4 ||     4
Armor: Robe              |    10 |     9 |     9 ||    28
Dodge: Dodged            |    51 |    48 |    47 ||   146
Block: Other             |       |       |     9 ||     9
       Reflection        |       |       |     2 ||     2

Table legend:
 A = Non-vault XP
 B = Vault XP
 C = Vault XP percentage of total XP
 D = Non-vault monster count
 E = Vault monster count
 F = Vault count percentage of total count
                 A         B        C        D         E       F
            +---------+---------+-------+---------+---------+-------
      Total |    1571 |     264 |  14.4 |     125 |       5 |   3.8
            +---------+---------+-------+---------+---------+-------
        D:1 |      45 |       3 |   6.2 |      28 |       2 |   6.7
        D:2 |     109 |       0 |   0.0 |      22 |       0 |   0.0
        D:3 |     233 |     261 |  52.8 |      40 |       3 |   7.0
        D:4 |     262 |       0 |   0.0 |      10 |       0 |   0.0
        D:5 |     524 |       0 |   0.0 |      18 |       0 |   0.0
        D:6 |     398 |       0 |   0.0 |       7 |       0 |   0.0
            +---------+---------+-------+---------+---------+-------
